 Dungeon Crawl Stone Soup version 0.30-b1-2-g02819fbbbe (webtiles) character file.

Game seed: 12613105504855225192

816 Haddock003 the Slasher (level 7, 0/93 HPs)
             Began as a Naga Warper on Sept 12, 2023.
             Was an Initiate of Okawaru.
             Slain by a killer bee (2 damage)
             ... on level 5 of the Dungeon.
             The game lasted 00:15:33 (4996 turns).

Haddock003 the Slasher (Naga Warper)                Turns: 4996, Time: 00:15:34

Health: 0/93       AC:  4    Str: 13    XL:     7   Next: 94%
Magic:  3/11       EV:  9    Int: 16    God:    Okawaru [......]
Gold:   145        SH:  0    Dex: 10    Spells: 5/12 levels left

rFire   + . .        a - +0 falchion
rCold   + . .        (no shield)
rNeg    . . .        b - +0 leather armour
rPois   +            (no helmet)
rElec   +            h - +0 cloak
rCorr   +            (no gloves)
SInv    +            (no barding)
Will    .....        (no amulet) Stlth
                     (no ring)
HPRegen 0.35/turn    (no ring)
MPRegen 0.12/turn

%: no passive effects
@: berserking, resistant, quick
A: AC +2, large, see invisible, deformed body, poison resistance, slowness 2,
spit poison 1, naga tail 1
a: Spit Poison, Renounce Religion


You were on level 5 of the Dungeon.
You worshipped Okawaru.
Okawaru was noncommittal.
You visited 2 branches of the dungeon, and saw 6 of its levels.

You collected 145 gold pieces.

Inventory:

Hand Weapons
 a - a +0 falchion (weapon)
 f - a +0 long sword
Missiles
 d - 7 boomerangs of dispersal (quivered)
Armour
 b - a +0 leather armour (worn)
 h - a +0 cloak (worn)
 o - the -1 pair of gloves of Absolutism {Drain rCorr Dex+3}
   (You found it on level 3 of the Dungeon)

   Dex:       It affects your dexterity (+3).
   rCorr:     It protects you from acid and corrosion.
   Drain:     It drains your maximum health when unequipped.
 r - a +2 scale mail of willpower
Jewellery
 l - a +6 ring of dexterity
Wands
 e - a wand of flame (12)
Scrolls
 g - 2 scrolls of teleportation {unknown}
 k - a scroll of fog
 m - 4 scrolls of identify
 p - a scroll of noise {unknown}
 t - a scroll of blinking
Potions
 i - 2 potions of attraction
 j - 2 potions of brilliance
 n - a potion of haste {unknown}


   Skills:
 + Level 3.4 Fighting
 * Level 5.7 Long Blades
 - Level 0.9 Throwing
 - Level 0.8 Armour
 - Level 1.5 Dodging
 + Level 2.4 Stealth
 + Level 3.3 Spellcasting
 * Level 5.1 Translocations
 * Level 1.9 Air Magic
 + Level 0.4 Poison Magic
 + Level 0.1 Evocations


You had 5 spell levels left.
You knew the following spells:

 Your Spells              Type           Power      Damage    Failure   Level
a - Blink                 Tloc           38%        N/A       4%          2
b - Vhi's Electric Charg  Tloc/Air       26%        N/A       16%         3
c - Poisonous Vapours     Pois/Air       12%        N/A       22%         2

Your spell library contained the following spells:

 Spells                   Type           Power      Damage    Failure   Level
 Lesser Beckoning         Tloc           38%        N/A       4%          2
 Teleport Other           Tloc           19%        N/A       9%          3
 Cigotuvi's Dreadful Rot  Necr/Pois/Air  10%        N/A       26%         2
 Manifold Assault         Tloc           19%        N/A       28%         4
 Mephitic Cloud           Conj/Pois/Air  5%         N/A       45%         3
 Ozocubu's Armour         Ice            2%         N/A       56%         3
 Dispel Undead            Necr           2%         3d7       93%         4
 Freezing Cloud           Conj/Ice/Air   2%         6-21      99%         5
 Ozocubu's Refrigeration  Ice            1%         4d7       100%        7
 Death Channel            Necr           Unusable   N/A       N/A         6

Dungeon Overview and Level Annotations

Branches:
Dungeon (5/15)             Temple (1/1) D:4

Altars:
Ashenzari
Fedhas
Gozag
Hepliaklqana
Makhleb
Nemelex Xobeh
Okawaru
Qazlal
Sif Muna
Trog
Uskayaw
Wu Jian
Xom
Zin


Innate Abilities, Weirdness & Mutations

Your serpentine skin is tough. (AC +2)
You have supernaturally acute eyesight. (SInv)
Armour fits poorly on your strangely shaped body.
Your system is resistant to poisons. (rPois)
You cover ground very slowly.
You can spit poison.
You have a snake-like lower body.


Message History

The killer bee poisons you!
Unknown command.
Okay, then.
It was a potion of resistance.
You feel protected.
You feel sick. The killer bee barely misses you.
The killer bee closely misses you.
You closely miss the killer bee.
The killer bee is heavily wounded.
You feel sick. The killer bee stings you.
* * * LOW HITPOINT WARNING * * *
The killer bee barely misses you.
You hit the killer bee.
The killer bee is severely wounded.
You feel sick. The killer bee stings you.
* * * LOW HITPOINT WARNING * * *
The killer bee stings you but does no damage.
It was a potion of berserk rage.
A red film seems to cover your vision as you go berserk!
You feel yourself moving faster!
You feel mighty!
You feel sick. The killer bee barely misses you. The killer bee stings you.
* * * LOW HITPOINT WARNING * * *
You miss the killer bee.
The killer bee is severely wounded.
The killer bee looks more healthy.
The killer bee stings you but does no damage.
You closely miss the killer bee.
The killer bee is severely wounded.
You feel sick. The killer bee barely misses you. The killer bee stings you.
* * * LOW HITPOINT WARNING * * *
You slash the killer bee!
You kill the killer bee!
Okawaru accepts your kill.
You feel sick.
You hit the killer bee.
The killer bee is almost dead.
You feel sick.
You are no longer poisoned.
The killer bee stings you.
You die...

#.#..###.....####.
#...............#.
#.#........#.##.#.
#.######.#...##...#......
#............##..........
##.######.#.#.............
#.........................
#############..#...#.##<.#
#.....@y....#..........
#.########..#.#.#.###.#
#..#.#.#.# .. ...# # ##
.y.. ...#. ....### ..#


You could see a killer bee.

Vanquished Creatures
  Sigmund (D:2)
  A phantom (D:4)
  4 killer bees (D:5)
  A hound (D:4)
  2 iguanas
  Jessica (D:2)
  Terence (D:3)
  Natasha (thrice) (D:2)
  2 orc wizards (D:3)
  4 gnolls
  2 adders
  A worm (D:3)
  A dart slug (D:2)
  11 orcs
  5 bats
  6 endoplasms
  2 giant cockroaches
  6 goblins
  10 hobgoblins
  3 jackals (D:4)
  2 kobolds (D:1)
  3 quokkas
  7 ball pythons
  5 frilled lizards
  5 rats
89 creatures vanquished.

Notes
Turn   | Place    | Note
-------+----------+-------------------------------------------
     0 | D:1      | Haddock003 the Naga Warper began the quest for the Orb.
     0 | D:1      | Reached XP level 1. HP: 19/19 MP: 3/3
   154 | D:1      | Reached XP level 2. HP: 26/26 MP: 5/5
   157 | D:1      | Learned a level 2 spell: Blink
   711 | D:2      | Noticed Sigmund
   723 | D:2      | Killed Sigmund
   724 | D:2      | Reached XP level 3. HP: 22/33 MP: 7/7
   724 | D:2      | Reached XP level 4. HP: 27/40 MP: 8/8
   724 | D:2      | Reached XP level 5. HP: 31/46 MP: 9/9
  1024 | D:2      | Noticed Jessica
  1039 | D:2      | Killed Jessica
  1138 | D:2      | Reached skill level 1 in Stealth
  1138 | D:2      | Reached XP level 6. HP: 55/55 MP: 10/10
  1151 | D:2      | Learned a level 3 spell: Vhi's Electric Charge
  1385 | D:2      | Found a sparkling altar of Nemelex Xobeh.
  1441 | D:2      | Noticed Natasha
  1445 | D:2      | Killed Natasha
  1576 | D:2      | Noticed Natasha
  1589 | D:2      | Killed Natasha
  1857 | D:2      | Noticed Natasha
  1871 | D:2      | Killed Natasha
  2083 | D:3      | Learned a level 2 spell: Poisonous Vapours
  2130 | D:3      | Noticed Terence
  2166 | D:3      | Killed Terence
  2831 | D:3      | Identified the -1 pair of gloves of Absolutism {Drain rCorr
                  | Dex+3}
  3263 | D:4      | Found a staircase to the Ecumenical Temple.
  3270 | D:4      | Reached XP level 7. HP: 61/62 MP: 8/11
  3326 | D:4      | Reached skill level 5 in Long Blades
  3430 | Temple   | Entered the Ecumenical Temple
  3752 | Temple   | Became a worshipper of Warmaster Okawaru
  4263 | D:4      | Reached skill level 1 in Air Magic
  4805 | D:5      | Entered Level 5 of the Dungeon
  4986 | D:5      | Reached skill level 5 in Translocations
  4994 | D:5      | HP: 4/93 [killer bee (1)]
  4996 | D:5      | Slain by a killer bee

Illustrated notes

Levels and vault maps discovered:
D:1:      dpeg_arrival_tiny_e, layout_rooms, minmay_cupped
D:2:      layout_loops_corners, basic_altar, minivault_5, minmay_liquid_box,
          st_stairs_3, uniq_sigmund, uniq_natasha, uniq_jessica
D:3:      layout_basic, uniq_terence
D:4:      layout_gridville, temple_fountains
D:5:      layout_basic, uniq_blork_the_orc, uniq_eustachio
Temple:   dpeg_chambers_temple

Skill      XL: |  1  2  3  4  5  6  7 |
---------------+----------------------+-----
Long Blades    | 3 4 5 |  5.7
Translocations | 4 5 |  5.1
Stealth        | 1 2 |  2.4
Fighting       | 3 |  3.4
Air Magic      | 1 |  1.9
Spellcasting   | 3 |  3.3
Throwing       | |  0.9
Armour         | |  0.8
Dodging        | |  1.5
Poison Magic   | |  0.4
Evocations     | |  0.1

Action                     |  1- 3 |  4- 6 |  7- 9 || total
---------------------------+-------+-------+-------++-------
  Melee: Falchion          |    23 |   154 |    88 ||   265
         Punch             |       |     2 |     1 ||     3
   Cast: Blink             |     1 |     3 |     6 ||    10
         Vhi's Electric Ch |       |     2 |    10 ||    12
         Poisonous Vapours |       |     1 |     6 ||     7
Ability: Spit Poison       |    15 |    35 |    14 ||    64
  Evoke: Wand              |       |     2 |       ||     2
    Use: Potion            |     3 |     2 |     5 ||    10
         Scroll            |       |     7 |       ||     7
   Stab: Sleeping          |       |     1 |       ||     1
         Distracted        |       |       |     1 ||     1
 Armour: Leather armour    |     6 |    55 |    15 ||    76
  Dodge: Dodged            |    17 |    86 |    58 ||   161
